Oilers vs Blues

Created - Tuesday, April 19, 2016 at 02:26

Goals
1 2 3 T
Oilers 2 1 2 5
Blues 1 2 0 3
Shots
1 2 3 T
Oilers 18 9 7 34
Blues 5 11 13 29

1st period

1. Oilers , Henrik Zetterberg 1 (Pavel Datsyuk) at 3:51
2. Oilers , Pavel Datsyuk 1 (Jason Demers, Andrew Ladd) at 4:09
3. Blues , Artem Anisimov 1 (Brandon Saad, Cam Atkinson) at 8:27

Penalties :
Johan Franzen (StL) for Hooking (Minor) at 18:00, Hampus Lindholm (StL) for Cross-checking (Minor) at 18:37

2nd period

4. Blues , Brandon Saad 2 (Mark Stone) at 6:09
5. Blues , Tomas Tatar 2 (Kevan Miller) at 10:15
6. Oilers , Pavel Datsyuk 2 (Nicklas Backstrom) at 19:05 (PP)

Penalties :
Niklas Hjalmarsson (Edm) for High sticking (Minor) at 11:54, Kris Letang (StL) for Holding (Minor) at 17:49

3rd period

7. Oilers , Nicklas Backstrom 2 (Milan Michalek) at 16:30
8. Oilers , Andrew Ladd 1 (Nicklas Backstrom, Ryan McDonagh) at 19:55 (Empty Net)

Penalties :
Zdeno Chara (StL) for Interference (Minor) at 8:22

Goalie Stats

Jaroslav Halak (Edm), 26 saves from 29 shots - (0.897), W, 1-3-0, 60:00 minutes
Henrik Lundqvist (StL), 29 saves from 33 shots - (0.879), L, 3-1-0, 59:34 minutes

Players Stats for Oilers

Player Name              G  A  P  +/- PIM S  H  SB GA TA FO     MP     PP MP  PK MP  
------------------------------------------------------------------------------------
Andrew Ladd              1  1  2   2  0   5  1  0  0  0  0/0    17:27   3:02   1:21 
Andrew MacDonald         0  0  0   0  0   1  0  1  1  1  0/0    16:52   0:00   0:38 
Brayden McNabb           0  0  0   0  0   0  0  0  0  0  0/0     0:00   0:00   0:00 
Colin Wilson             0  0  0  -1  0   0  1  0  1  0  0/0    11:24   3:33   0:00 
Derek Stepan             0  0  0  -1  0   5  2  2  2  0  6/13   18:44   3:06   0:00 
Henrik Zetterberg        1  0  1   1  0   2  0  0  1  0  0/0    17:19   3:14   0:38 
James Wisniewski         0  0  0   0  0   2  1  1  1  2  0/0    21:48   3:06   0:38 
Jason Demers             0  1  1   0  0   0  1  0  0  0  0/0    15:59   0:00   0:00 
Lars Eller               0  0  0  -1  0   0  1  0  2  0  1/1     7:43   0:00   0:00 
Milan Michalek           0  1  1   0  0   1  3  1  1  0  1/1    16:02   0:00   0:00 
Nick Bonino              0  0  0  -1  0   1  0  1  4  0  2/3    16:59   0:00   1:21 
Nick Foligno             0  0  0   1  0   0  2  0  0  2  1/1    19:49   3:05   0:00 
Nicklas Backstrom        1  2  3   2  0   4  1  0  5  0  11/16  20:25   4:35   0:00 
Niklas Hjalmarsson       0  0  0   0  2   1  0  0  0  0  0/0    18:08   0:00   0:00 
Patrick Marleau          0  0  0   1  0   4  2  0  6  0  0/0    19:32   2:45   0:38 
Pavel Datsyuk            2  1  3   0  0   5  1  0  5  0  12/17  22:05   2:49   0:00 
Ryan McDonagh            0  1  1   1  0   2  1  1  1  3  0/0    18:52   0:00   1:21 
Zbynek Michalek          0  0  0   1  0   1  1  2  0  4  0/0    18:52   0:00   1:21 

Players Stats for Blues

Player Name              G  A  P  +/- PIM S  H  SB GA TA FO     MP     PP MP  PK MP  
------------------------------------------------------------------------------------
Anders Lee               0  0  0  -1  0   2  0  0  2  0  3/10   15:01   0:55   0:00 
Artem Anisimov           1  0  1   0  0   2  2  1  1  2  4/14   15:22   1:08   2:21 
Brandon Saad             1  1  2   0  0   2  0  1  0  0  0/0    13:47   1:08   0:00 
Cam Atkinson             0  1  1  -1  0   1  2  1  2  0  0/0    18:11   1:04   2:21 
Hampus Lindholm          0  0  0   0  2   1  1  3  0  0  0/0    19:53   0:00   2:35 
Joakim Nordstrom         0  0  0   0  0   0  0  0  0  0  0/0    11:05   0:00   2:08 
Johan Franzen            0  0  0  -1  2   1  2  0  0  1  0/0    14:44   0:00   0:00 
Josh Gorges              0  0  0   0  0   0  0  3  0  1  0/0    19:57   0:00   2:55 
Kevan Miller             0  1  1  -1  0   0  0  3  0  2  0/0    13:34   0:00   0:00 
Kris Letang              0  0  0  -1  2   3  2  2  1  3  0/0    17:59   1:04   1:48 
Mark Fayne               0  0  0   1  0   1  0  0  0  0  0/0     9:02   0:00   2:36 
Mark Stone               0  1  1   0  0   2  0  2  4  0  0/4    19:08   1:08   0:00 
Rick Nash                0  0  0   0  0   1  1  0  1  0  1/1    18:05   0:51   0:00 
Ryan Ellis               0  0  0  -1  0   0  0  2  0  2  0/0    13:34   0:00   0:00 
Scott Laughton           0  0  0   0  0   1  3  2  0  0  2/6    11:35   0:00   2:38 
Sean Couturier           0  0  0   0  0   3  2  1  0  0  8/17   18:57   0:51   0:52 
Tomas Tatar              1  0  1   0  0   6  3  0  8  1  0/0    18:05   0:51   0:00 
Zdeno Chara              0  0  0   0  2   3  1  0  0  0  0/0    24:44   0:55   1:47 

3 Stars

1 - Pavel Datsyuk (Edm)
2 - Nicklas Backstrom (Edm)
3 - Andrew Ladd (Edm)

Power Play

Oilers - 1 on 4 Attempt(s) - 25.00%
Blues - 0 on 1 Attempt(s) - 0.00%

Penalty Kill

Oilers - 1 on 1 Attempt(s) - 100.00% - Score 0 goal in Penalty Kill
Blues - 3 on 4 Attempt(s) - 75.00% - Score 0 goal in Penalty Kill

Team Stat

Oilers - Hits : 18 - Faceoff Wins : 34 - Blocked Shots : 9 - Penalty Minutes : 2
Blues - Hits : 19 - Faceoff Wins : 18 - Blocked Shots : 21 - Penalty Minutes : 8

Official

Referees : Unknown
Linesman : Unknown

Game Notes

Andrew Ladd has scored in a empty net!

Finance

Level 1 -- Attendance: 6000 (100.00%) -- Ticket Income $498,000
Level 2 -- Attendance: 4923 (98.46%) -- Ticket Income $236,304
Level 3 -- Attendance: 1993 (99.65%) -- Ticket Income $51,818
Level 4 -- Attendance: 4000 (100.00%) -- Ticket Income $56,000
Luxury Box -- Attendance: 1000 (100.00%) -- Ticket Income $170,000
Game was played at the Savis Center.
Total Attendance: 17916 (99.53%)
Total Ticket Income: $1,012,122
Other Income: $495,940
Total Income: $1,508,062

Oilers

5 vs 5 Forward 
   Center                   Left Wing                Right Wing               Time % Phy DF OF 
 1 Nicklas Backstrom        Patrick Marleau          Nick Foligno             37     0   2  3  
 2 Pavel Datsyuk            Andrew Ladd              Henrik Zetterberg        37     0   2  3  
 3 Derek Stepan             Nick Bonino              Milan Michalek           26     0   2  3  
 4 Pavel Datsyuk            Lars Eller               Colin Wilson             0      0   2  3  

5 vs 5 Defense 
   Defense                  Defense                                           Time % Phy DF OF 
 1 Ryan McDonagh            Zbynek Michalek                                   35     1   4  0  
 2 James Wisniewski         Niklas Hjalmarsson                                35     1   4  0  
 3 Jason Demers             Andrew MacDonald                                  27     1   4  0  
 4 Jason Demers             Andrew MacDonald                                  3      1   4  0  

PowerPlay Forward 
   Center                   Left Wing                Right Wing               Time % Phy DF OF 
 1 Nicklas Backstrom        Pavel Datsyuk            Nick Foligno             60     0   0  5  
 2 Nicklas Backstrom        Andrew Ladd              Colin Wilson             40     0   0  5  

PowerPlay Defense
   Defense                  Defense                                           Time % Phy DF OF 
 1 Henrik Zetterberg        Patrick Marleau                                   60     0   2  3  
 2 Derek Stepan             James Wisniewski                                  40     1   2  2  

Penalty Kill 4 Players Forward 
   Center                   Wing                     Time % Phy DF OF 
 1 Nick Bonino              Andrew Ladd              60     1   4  0  
 2 Derek Stepan             Milan Michalek           40     1   4  0  

Penalty Kill 4 Players Defense
   Defense                  Defense                  Time % Phy DF OF 
 1 Ryan McDonagh            Zbynek Michalek          55     1   4  0  
 2 Niklas Hjalmarsson       James Wisniewski         45     1   4  0  

Penalty Kill - 3 Players Forward 
   Forward                                           Time % Phy DF OF 
 1 Nick Bonino                                       60     1   4  0  
 2 Derek Stepan                                      40     1   4  0  

Penalty Kill - 3 Players Defense
   Defense                  Defense                  Time % Phy DF OF 
 1 Ryan McDonagh            Zbynek Michalek          50     1   4  0  
 2 Niklas Hjalmarsson       James Wisniewski         50     1   4  0  

4 vs 4 Forward 
   Center                   Wing                     Time % Phy DF OF 
 1 Nicklas Backstrom        Pavel Datsyuk            60     0   1  4  
 2 Henrik Zetterberg        Nick Foligno             40     0   1  4  

4 vs 4 Defense
   Defense                  Defense                  Time % Phy DF OF 
 1 Ryan McDonagh            Zbynek Michalek          60     1   4  0  
 2 James Wisniewski         Niklas Hjalmarsson       40     1   4  0  

Last Minutes Offensive
   Center                   Left Wing                Right Wing               Defense                  Defense                  
   Nicklas Backstrom        Pavel Datsyuk            Nick Foligno             Patrick Marleau          Henrik Zetterberg        

Last Minutes Defensive
   Center                   Left Wing                Right Wing               Defense                  Defense                  
   Nicklas Backstrom        Andrew Ladd              Nick Foligno             Ryan McDonagh            Zbynek Michalek          

Goaltenders
Starting : Jaroslav Halak           
Backup : Ray Emery                

Extra Forwards
Normal : Nicklas Backstrom, Pavel Datsyuk, Henrik Zetterberg - PP : Nicklas Backstrom, Pavel Datsyuk - PK : Patrick Marleau
Extra Defensemen
Normal : Jason Demers, Andrew MacDonald, Brayden McNabb - PP : Jason Demers - PK : Andrew MacDonald, Ryan McDonagh
Penalty Shots
Pavel Datsyuk, Patrick Marleau, Andrew Ladd, Derek Stepan, Nicklas Backstrom

Blues

5 vs 5 Forward 
   Center                   Left Wing                Right Wing               Time % Phy DF OF 
 1 Sean Couturier           Rick Nash                Tomas Tatar              34     0   0  5  
 2 Artem Anisimov           Brandon Saad             Mark Stone               31     0   0  5  
 3 Anders Lee               Johan Franzen            Cam Atkinson             21     0   2  3  
 4 Scott Laughton           Joakim Nordstrom         Mark Stone               14     0   2  3  

5 vs 5 Defense 
   Defense                  Defense                                           Time % Phy DF OF 
 1 Zdeno Chara              Kris Letang                                       34     1   2  2  
 2 Hampus Lindholm          Josh Gorges                                       31     1   2  2  
 3 Kevan Miller             Ryan Ellis                                        21     1   2  2  
 4 Zdeno Chara              Mark Fayne                                        14     1   2  2  

PowerPlay Forward 
   Center                   Left Wing                Right Wing               Time % Phy DF OF 
 1 Sean Couturier           Rick Nash                Tomas Tatar              50     0   1  4  
 2 Artem Anisimov           Brandon Saad             Mark Stone               50     0   1  4  

PowerPlay Defense
   Defense                  Defense                                           Time % Phy DF OF 
 1 Anders Lee               Zdeno Chara                                       50     0   2  3  
 2 Cam Atkinson             Kris Letang                                       50     0   2  3  

Penalty Kill 4 Players Forward 
   Center                   Wing                     Time % Phy DF OF 
 1 Artem Anisimov           Cam Atkinson             50     1   3  1  
 2 Scott Laughton           Joakim Nordstrom         50     1   3  1  

Penalty Kill 4 Players Defense
   Defense                  Defense                  Time % Phy DF OF 
 1 Josh Gorges              Zdeno Chara              50     1   3  1  
 2 Kris Letang              Hampus Lindholm          50     1   3  1  

Penalty Kill - 3 Players Forward 
   Forward                                           Time % Phy DF OF 
 1 Sean Couturier                                    50     1   4  0  
 2 Scott Laughton                                    50     1   4  0  

Penalty Kill - 3 Players Defense
   Defense                  Defense                  Time % Phy DF OF 
 1 Josh Gorges              Zdeno Chara              50     1   4  0  
 2 Kris Letang              Hampus Lindholm          50     1   4  0  

4 vs 4 Forward 
   Center                   Wing                     Time % Phy DF OF 
 1 Sean Couturier           Brandon Saad             50     0   1  4  
 2 Artem Anisimov           Mark Stone               50     0   1  4  

4 vs 4 Defense
   Defense                  Defense                  Time % Phy DF OF 
 1 Zdeno Chara              Kris Letang              50     0   3  2  
 2 Josh Gorges              Hampus Lindholm          50     0   3  2  

Last Minutes Offensive
   Center                   Left Wing                Right Wing               Defense                  Defense                  
   Sean Couturier           Rick Nash                Tomas Tatar              Zdeno Chara              Kris Letang              

Last Minutes Defensive
   Center                   Left Wing                Right Wing               Defense                  Defense                  
   Sean Couturier           Rick Nash                Tomas Tatar              Zdeno Chara              Kris Letang              

Goaltenders
Starting : Henrik Lundqvist         
Backup : Frederik Andersen        

Extra Forwards
Normal : Anders Lee, Cam Atkinson, Brandon Saad - PP : Anders Lee, Cam Atkinson - PK : Brandon Saad
Extra Defensemen
Normal : Kris Letang, Zdeno Chara, Hampus Lindholm - PP : Kris Letang - PK : Mark Fayne, Zdeno Chara
Penalty Shots
Rick Nash, Sean Couturier, Tomas Tatar, Artem Anisimov, Mark Stone

% Time on Ice - Oilers

Lines # - Real PCT - Wanted PCT - Time Play
Normal Forward
1 - 31% - 37% - 15:45
2 - 24% - 37% - 12:31
3 - 30% - 26% - 15:38
4 - 15% - 0% - 7:43
Normal Defense
1 - 34% - 35% - 17:34
2 - 35% - 35% - 18:04
3 - 28% - 27% - 14:12
4 - 3% - 3% - 1:47
PP Forward
1 - 48% - 60% - 2:49
2 - 52% - 40% - 3:02
PP Defense
1 - 47% - 60% - 2:45
2 - 53% - 40% - 3:06
PK Forward
1 - 100% - 60% - 1:59
2 - 0% - 40% - 0:00
PK Defense
1 - 68% - 55% - 1:21
2 - 32% - 45% - 0:38
PK3 Forward
1 - 0% - 60%
2 - 0% - 40%
PK3 Defense
1 - 0% - 50%
2 - 0% - 50%
44 Forward
1 - 0% - 60%
2 - 0% - 40%
44 Defense
1 - 0% - 60%
2 - 0% - 40%
Last Minute Offensive  - 0:00
Last Minute Defensive  - 0:33
Total
Forward - 60:00
Defense - 60:00

% Time on Ice - Blues

Lines # - Real PCT - Wanted PCT - Time Play
Normal Forward
1 - 33% - 34% - 17:14
2 - 25% - 31% - 13:06
3 - 27% - 21% - 14:06
4 - 15% - 14% - 7:44
Normal Defense
1 - 29% - 34% - 15:21
2 - 32% - 31% - 16:49
3 - 26% - 21% - 13:34
4 - 12% - 14% - 6:26
PP Forward
1 - 43% - 50% - 0:51
2 - 57% - 50% - 1:08
PP Defense
1 - 46% - 50% - 0:55
2 - 54% - 50% - 1:04
PK Forward
1 - 52% - 50% - 2:21
2 - 48% - 50% - 2:08
PK Defense
1 - 42% - 50% - 1:53
2 - 58% - 50% - 2:36
PK3 Forward
1 - 63% - 50% - 0:52
2 - 37% - 50% - 0:30
PK3 Defense
1 - 76% - 50% - 1:02
2 - 24% - 50% - 0:20
44 Forward
1 - 0% - 50%
2 - 0% - 50%
44 Defense
1 - 0% - 50%
2 - 0% - 50%
Last Minute Offensive  - 0:00
Last Minute Defensive  - 0:00
Total
Forward - 60:00
Defense - 60:00

Play by Play

1st period


0:01 of 1st period - Sean Couturier wins face-off versus Nicklas Backstrom in neutral zone.
1:11 of 1st period - Snap shot by Brandon Saad.
1:11 of 1st period - Stopped by Jaroslav Halak with a rebound.
1:13 of 1st period - Slapshot by Hampus Lindholm.
1:13 of 1st period - Deflect By Ryan McDonagh.
1:13 of 1st period - Stopped by Jaroslav Halak without a rebound.
1:14 of 1st period - Nick Bonino wins face-off versus Anders Lee in Oilers zone.
1:34 of 1st period - Snap shot by Derek Stepan.
1:34 of 1st period - Stopped by Henrik Lundqvist without a rebound.
1:35 of 1st period - Pavel Datsyuk wins face-off versus Mark Stone in Blues zone.
1:38 of 1st period - Snap shot by Colin Wilson.
1:38 of 1st period - Shot Blocked by Hampus Lindholm.
1:40 of 1st period - Slapshot by Andrew MacDonald.
1:40 of 1st period - Deflect By Pavel Datsyuk.
1:40 of 1st period - Shot Misses the Net.
1:40 of 1st period - Puck is out of play.
1:41 of 1st period - Pavel Datsyuk wins face-off versus Scott Laughton in Blues zone.
2:28 of 1st period - Nick Bonino is hit by Johan Franzen and loses puck.
2:35 of 1st period - Milan Michalek is hit by Johan Franzen and loses puck.
2:58 of 1st period - Snap shot by Milan Michalek.
2:58 of 1st period - Shot Misses the Net.
3:20 of 1st period - Patrick Marleau is hit by Rick Nash and loses puck.
3:41 of 1st period - Wrist shot by Tomas Tatar.
3:41 of 1st period - Stopped by Jaroslav Halak with a rebound.
3:43 of 1st period - Slapshot by Mark Fayne.
3:43 of 1st period - Stopped by Jaroslav Halak without a rebound.
3:44 of 1st period - Pavel Datsyuk wins face-off versus Artem Anisimov in Oilers zone.
3:51 of 1st period - Snap shot by Henrik Zetterberg.
3:51 of 1st period - Deflect By Brandon Saad.
3:51 of 1st period - Goal by Henrik Zetterberg - Oilers : 1 - Blues : 0.
3:52 of 1st period - Pavel Datsyuk wins face-off versus Artem Anisimov in neutral zone.
3:55 of 1st period - Snap shot by Andrew Ladd.
3:55 of 1st period - Shot Misses the Net.
3:57 of 1st period - Snap shot by Andrew Ladd.
3:57 of 1st period - Shot Misses the Net.
3:59 of 1st period - Slapshot by Andrew Ladd.
3:59 of 1st period - Stopped by Henrik Lundqvist with a rebound.
4:01 of 1st period - Backhand shot by Andrew MacDonald.
4:01 of 1st period - Stopped by Henrik Lundqvist with a rebound.
4:03 of 1st period - Snap shot by Andrew MacDonald.
4:03 of 1st period - Shot Misses the Net.
4:05 of 1st period - Backhand shot by Pavel Datsyuk.
4:05 of 1st period - Deflect By Andrew Ladd.
4:05 of 1st period - Stopped by Henrik Lundqvist with a rebound.
4:07 of 1st period - Slapshot by Jason Demers.
4:07 of 1st period - Shot Blocked by Kris Letang.
4:09 of 1st period - Snap shot by Pavel Datsyuk.
4:09 of 1st period - Goal by Pavel Datsyuk - Oilers : 2 - Blues : 0.
4:10 of 1st period - Artem Anisimov wins face-off versus Pavel Datsyuk in neutral zone.
4:21 of 1st period - Slapshot by Andrew Ladd.
4:21 of 1st period - Shot Blocked by Brandon Saad.
4:23 of 1st period - Snap shot by Andrew Ladd.
4:23 of 1st period - Shot Misses the Net.
4:25 of 1st period - Slapshot by Zbynek Michalek.
4:25 of 1st period - Shot Blocked by Kevan Miller.
6:08 of 1st period - Slapshot by Derek Stepan.
6:08 of 1st period - Stopped by Henrik Lundqvist with a rebound.
7:07 of 1st period - Slapshot by Henrik Zetterberg.
7:07 of 1st period - Shot Blocked by Mark Stone.
7:09 of 1st period - Snap shot by Andrew Ladd.
7:09 of 1st period - Deflect By Pavel Datsyuk.
7:09 of 1st period - Shot Blocked by Hampus Lindholm.
7:09 of 1st period - Puck is out of play.
7:10 of 1st period - Pavel Datsyuk wins face-off versus Sean Couturier in Blues zone.
7:23 of 1st period - Kevan Miller is hit by Pavel Datsyuk and loses puck.
8:00 of 1st period - Ryan Ellis is hit by Nicklas Backstrom and loses puck.
8:09 of 1st period - Nick Foligno is hit by Cam Atkinson and loses puck.
8:27 of 1st period - Wrist shot by Artem Anisimov.
8:27 of 1st period - Goal by Artem Anisimov - Oilers : 2 - Blues : 1.
8:28 of 1st period - Derek Stepan wins face-off versus Artem Anisimov in neutral zone.
8:31 of 1st period - Wrist shot by Nick Bonino.
8:31 of 1st period - Shot Misses the Net.
8:33 of 1st period - Slapshot by James Wisniewski.
8:33 of 1st period - Shot Misses the Net.
8:35 of 1st period - Snap shot by Niklas Hjalmarsson.
8:35 of 1st period - Stopped by Henrik Lundqvist without a rebound.
8:36 of 1st period - Derek Stepan wins face-off versus Mark Stone in Blues zone.
8:47 of 1st period - Wrist shot by Milan Michalek.
8:47 of 1st period - Stopped by Henrik Lundqvist without a rebound.
8:48 of 1st period - Artem Anisimov wins face-off versus Derek Stepan in Blues zone.
10:13 of 1st period - Andrew Ladd is hit by Sean Couturier.
10:29 of 1st period - Snap shot by Nicklas Backstrom.
10:29 of 1st period - Stopped by Henrik Lundqvist with a rebound.
10:31 of 1st period - Slapshot by Ryan McDonagh.
10:31 of 1st period - Stopped by Henrik Lundqvist with a rebound.
10:33 of 1st period - Slapshot by Zbynek Michalek.
10:33 of 1st period - Shot Blocked by Cam Atkinson.
10:35 of 1st period - Snap shot by Nick Foligno.
10:35 of 1st period - Shot Blocked by Kevan Miller.
10:47 of 1st period - Wrist shot by Patrick Marleau.
10:47 of 1st period - Stopped by Henrik Lundqvist with a rebound.
11:09 of 1st period - Snap shot by Derek Stepan.
11:09 of 1st period - Shot Misses the Net.
11:20 of 1st period - Snap shot by Milan Michalek.
11:20 of 1st period - Shot Blocked by Kevan Miller.
11:40 of 1st period - Snap shot by Pavel Datsyuk.
11:40 of 1st period - Shot Misses the Net.
12:57 of 1st period - Niklas Hjalmarsson is hit by Artem Anisimov and loses puck.
13:29 of 1st period - Wrist shot by Patrick Marleau.
13:29 of 1st period - Shot Misses the Net.
13:52 of 1st period - Snap shot by Pavel Datsyuk.
13:52 of 1st period - Stopped by Henrik Lundqvist with a rebound.
14:06 of 1st period - Snap shot by Derek Stepan.
14:06 of 1st period - Stopped by Henrik Lundqvist with a rebound.
14:08 of 1st period - Backhand shot by Ryan McDonagh.
14:08 of 1st period - Stopped by Henrik Lundqvist without a rebound.
14:09 of 1st period - Derek Stepan wins face-off versus Scott Laughton in Blues zone.
14:23 of 1st period - Icing by Milan Michalek.
14:24 of 1st period - Scott Laughton wins face-off versus Derek Stepan in Oilers zone.
18:00 of 1st period - Minor Penalty to Johan Franzen for Hooking.
18:01 of 1st period - Nicklas Backstrom wins face-off versus Scott Laughton in Blues zone.
18:13 of 1st period - Snap shot by Andrew Ladd.
18:13 of 1st period - Shot Misses the Net.
18:37 of 1st period - Minor Penalty to Hampus Lindholm for Cross-checking.
18:38 of 1st period - Nicklas Backstrom wins face-off versus Sean Couturier in Blues zone.
18:52 of 1st period - Wrist shot by Nicklas Backstrom.
18:52 of 1st period - Shot Blocked by Josh Gorges.
18:54 of 1st period - Slapshot by James Wisniewski.
18:54 of 1st period - Stopped by Henrik Lundqvist without a rebound.
18:55 of 1st period - Nicklas Backstrom wins face-off versus Sean Couturier in Blues zone.
19:39 of 1st period - Snap shot by Derek Stepan.
19:39 of 1st period - Stopped by Henrik Lundqvist without a rebound.
19:40 of 1st period - Nick Foligno wins face-off versus Scott Laughton in Blues zone.
19:47 of 1st period - Slapshot by Andrew Ladd.
19:47 of 1st period - Shot Blocked by Kris Letang.
19:49 of 1st period - Slapshot by Henrik Zetterberg.
19:49 of 1st period - Shot Misses the Net.
19:51 of 1st period - Slapshot by Patrick Marleau.
19:51 of 1st period - Stopped by Henrik Lundqvist with a rebound.
0:00 of 2nd period - Penalty to Johan Franzen is over, Johan Franzen is back on ice.
Goals for this period are 2 for Oilers vs 1 for Blues.
Shots for this period are 18 for Oilers vs 5 for Blues.

2nd period


0:01 of 2nd period - Nicklas Backstrom wins face-off versus Artem Anisimov in neutral zone.
0:37 of 2nd period - Penalty to Hampus Lindholm is over, Hampus Lindholm is back on ice.
0:49 of 2nd period - Wrist shot by Nick Bonino.
0:49 of 2nd period - Stopped by Henrik Lundqvist with a rebound.
0:51 of 2nd period - Snap shot by Ryan McDonagh.
0:51 of 2nd period - Shot Misses the Net.
1:17 of 2nd period - Snap shot by Derek Stepan.
1:17 of 2nd period - Shot Blocked by Scott Laughton.
1:44 of 2nd period - Off-side.
1:45 of 2nd period - Nicklas Backstrom wins face-off versus Sean Couturier in neutral zone.
2:30 of 2nd period - Snap shot by Pavel Datsyuk.
2:30 of 2nd period - Stopped by Henrik Lundqvist with a rebound.
2:44 of 2nd period - Kris Letang is hit by Colin Wilson and loses puck.
3:10 of 2nd period - Andrew MacDonald is hit by Zdeno Chara and loses puck.
3:31 of 2nd period - Snap shot by Cam Atkinson.
3:31 of 2nd period - Shot Misses the Net.
3:37 of 2nd period - Josh Gorges is hit by Milan Michalek and loses puck.
3:52 of 2nd period - Josh Gorges is hit by Nick Foligno and loses puck.
4:05 of 2nd period - Wrist shot by Patrick Marleau.
4:05 of 2nd period - Shot Misses the Net.
4:08 of 2nd period - Icing by Josh Gorges.
4:09 of 2nd period - Anders Lee wins face-off versus Pavel Datsyuk in Blues zone.
4:48 of 2nd period - Snap shot by Scott Laughton.
4:48 of 2nd period - Stopped by Jaroslav Halak with a rebound.
4:58 of 2nd period - Kevan Miller is hit by Patrick Marleau and loses puck.
5:51 of 2nd period - Nick Bonino is hit by Tomas Tatar and loses puck.
6:09 of 2nd period - Snap shot by Brandon Saad.
6:09 of 2nd period - Goal by Brandon Saad - Oilers : 2 - Blues : 2.
6:10 of 2nd period - Nicklas Backstrom wins face-off versus Anders Lee in neutral zone.
6:28 of 2nd period - Icing by Josh Gorges.
6:29 of 2nd period - Nicklas Backstrom wins face-off versus Anders Lee in Blues zone.
6:38 of 2nd period - Slapshot by Nick Foligno.
6:38 of 2nd period - Shot Misses the Net.
6:40 of 2nd period - Snap shot by Patrick Marleau.
6:40 of 2nd period - Stopped by Henrik Lundqvist with a rebound.
6:54 of 2nd period - Snap shot by Anders Lee.
6:54 of 2nd period - Stopped by Jaroslav Halak without a rebound.
6:55 of 2nd period - Sean Couturier wins face-off versus Nick Bonino in Oilers zone.
7:02 of 2nd period - Wrist shot by Tomas Tatar.
7:02 of 2nd period - Stopped by Jaroslav Halak with a rebound.
7:04 of 2nd period - Slapshot by Zdeno Chara.
7:04 of 2nd period - Deflect By James Wisniewski.
7:04 of 2nd period - Stopped by Jaroslav Halak with a rebound.
7:06 of 2nd period - Wrist shot by Kris Letang.
7:06 of 2nd period - Deflect By Tomas Tatar.
7:06 of 2nd period - Stopped by Jaroslav Halak without a rebound.
7:07 of 2nd period - Derek Stepan wins face-off versus Sean Couturier in Oilers zone.
7:31 of 2nd period - Slapshot by Tomas Tatar.
7:31 of 2nd period - Shot Blocked by Nick Bonino.
7:35 of 2nd period - Wrist shot by Rick Nash.
7:35 of 2nd period - Shot Misses the Net.
7:37 of 2nd period - Wrist shot by Sean Couturier.
7:37 of 2nd period - Shot Misses the Net.
7:39 of 2nd period - Wrist shot by Rick Nash.
7:39 of 2nd period - Shot Blocked by Milan Michalek.
7:41 of 2nd period - Wrist shot by Rick Nash.
7:41 of 2nd period - Shot Misses the Net.
8:11 of 2nd period - Wrist shot by Artem Anisimov.
8:11 of 2nd period - Stopped by Jaroslav Halak without a rebound.
8:12 of 2nd period - Pavel Datsyuk wins face-off versus Anders Lee in Oilers zone.
8:19 of 2nd period - Snap shot by Andrew Ladd.
8:19 of 2nd period - Stopped by Henrik Lundqvist without a rebound.
8:20 of 2nd period - Anders Lee wins face-off versus Pavel Datsyuk in Blues zone.
8:27 of 2nd period - Snap shot by Anders Lee.
8:27 of 2nd period - Shot Misses the Net.
8:37 of 2nd period - Snap shot by Pavel Datsyuk.
8:37 of 2nd period - Shot Misses the Net.
8:39 of 2nd period - Snap shot by Andrew Ladd.
8:39 of 2nd period - Shot Misses the Net.
9:41 of 2nd period - Mark Stone is hit by Patrick Marleau and loses puck.
10:15 of 2nd period - Slapshot by Tomas Tatar.
10:15 of 2nd period - Goal by Tomas Tatar - Oilers : 2 - Blues : 3.
10:16 of 2nd period - Sean Couturier wins face-off versus Derek Stepan in neutral zone.
10:29 of 2nd period - Wrist shot by Rick Nash.
10:29 of 2nd period - Deflect By Milan Michalek.
10:29 of 2nd period - Shot Misses the Net.
10:29 of 2nd period - Puck is out of play.
10:30 of 2nd period - Derek Stepan wins face-off versus Sean Couturier in Oilers zone.
10:49 of 2nd period - Wrist shot by Nick Bonino.
10:49 of 2nd period - Shot Misses the Net.
11:32 of 2nd period - Josh Gorges is hit by Jason Demers and loses puck.
11:45 of 2nd period - Slapshot by Pavel Datsyuk.
11:45 of 2nd period - Shot Blocked by Artem Anisimov.
11:54 of 2nd period - Minor Penalty to Niklas Hjalmarsson for High sticking.
11:55 of 2nd period - Nick Bonino wins face-off versus Mark Stone in Oilers zone.
11:55 of 2nd period - Nick Bonino is hit by Artem Anisimov.
13:45 of 2nd period - Snap shot by Patrick Marleau.
13:45 of 2nd period - Stopped by Henrik Lundqvist with a rebound.
13:54 of 2nd period - Penalty to Niklas Hjalmarsson is over, Niklas Hjalmarsson is back on ice.
14:20 of 2nd period - Andrew MacDonald is hit by Scott Laughton and loses puck.
14:54 of 2nd period - Josh Gorges is hit by Lars Eller and loses puck.
16:05 of 2nd period - Backhand shot by Anders Lee.
16:05 of 2nd period - Stopped by Jaroslav Halak without a rebound.
16:06 of 2nd period - Pavel Datsyuk wins face-off versus Anders Lee in Oilers zone.
16:21 of 2nd period - Wrist shot by Nicklas Backstrom.
16:21 of 2nd period - Shot Misses the Net.
16:23 of 2nd period - Backhand shot by Zbynek Michalek.
16:23 of 2nd period - Shot Misses the Net.
16:25 of 2nd period - Slapshot by Zbynek Michalek.
16:25 of 2nd period - Shot Blocked by Ryan Ellis.
16:55 of 2nd period - Joakim Nordstrom is hit by Milan Michalek.
17:12 of 2nd period - Slapshot by Colin Wilson.
17:12 of 2nd period - Shot Misses the Net.
17:22 of 2nd period - Wrist shot by Pavel Datsyuk.
17:22 of 2nd period - Shot Misses the Net.
17:33 of 2nd period - Icing by Mark Stone.
17:34 of 2nd period - Sean Couturier wins face-off versus Nicklas Backstrom in Blues zone.
17:49 of 2nd period - Minor Penalty to Kris Letang for Holding.
17:50 of 2nd period - Nicklas Backstrom wins face-off versus Artem Anisimov in Blues zone.
18:57 of 2nd period - Wrist shot by Pavel Datsyuk.
18:57 of 2nd period - Stopped by Henrik Lundqvist without a rebound.
18:58 of 2nd period - Nicklas Backstrom wins face-off versus Artem Anisimov in Blues zone.
19:03 of 2nd period - Snap shot by Nicklas Backstrom.
19:03 of 2nd period - Stopped by Henrik Lundqvist with a rebound.
19:05 of 2nd period - Snap shot by Pavel Datsyuk.
19:05 of 2nd period - Goal by Pavel Datsyuk - Oilers : 3 - Blues : 3.
19:06 of 2nd period - Rick Nash wins face-off versus Derek Stepan in neutral zone.
19:15 of 2nd period - Snap shot by Rick Nash.
19:15 of 2nd period - Shot Misses the Net.
19:31 of 2nd period - Slapshot by Tomas Tatar.
19:31 of 2nd period - Shot Misses the Net.
19:33 of 2nd period - Snap shot by Kris Letang.
19:33 of 2nd period - Deflect By Ryan McDonagh.
19:33 of 2nd period - Stopped by Jaroslav Halak with a rebound.
19:35 of 2nd period - Snap shot by Zdeno Chara.
19:35 of 2nd period - Shot Blocked by Zbynek Michalek.
19:37 of 2nd period - Wrist shot by Sean Couturier.
19:37 of 2nd period - Stopped by Jaroslav Halak without a rebound.
19:38 of 2nd period - Pavel Datsyuk wins face-off versus Artem Anisimov in Oilers zone.
19:57 of 2nd period - Snap shot by Henrik Zetterberg.
19:57 of 2nd period - Stopped by Henrik Lundqvist with a rebound.
Goals for this period are 1 for Oilers vs 2 for Blues.
Shots for this period are 9 for Oilers vs 11 for Blues.

3rd period


0:01 of 3rd period - Pavel Datsyuk wins face-off versus Artem Anisimov in neutral zone.
0:14 of 3rd period - Wrist shot by Artem Anisimov.
0:14 of 3rd period - Shot Misses the Net.
0:20 of 3rd period - Slapshot by Brandon Saad.
0:20 of 3rd period - Shot Misses the Net.
0:22 of 3rd period - Slapshot by Zdeno Chara.
0:22 of 3rd period - Stopped by Jaroslav Halak without a rebound.
0:23 of 3rd period - Sean Couturier wins face-off versus Nicklas Backstrom in Oilers zone.
0:40 of 3rd period - Nicklas Backstrom is hit by Hampus Lindholm and loses puck.
0:45 of 3rd period - Snap shot by Tomas Tatar.
0:45 of 3rd period - Shot Misses the Net.
0:47 of 3rd period - Wrist shot by Sean Couturier.
0:47 of 3rd period - Stopped by Jaroslav Halak with a rebound.
1:31 of 3rd period - Artem Anisimov is hit by James Wisniewski and loses puck.
2:02 of 3rd period - Kris Letang is hit by Derek Stepan and loses puck.
2:58 of 3rd period - Wrist shot by Mark Stone.
2:58 of 3rd period - Shot Misses the Net.
3:10 of 3rd period - Slapshot by Tomas Tatar.
3:10 of 3rd period - Shot Blocked by Ryan McDonagh.
3:24 of 3rd period - Mark Fayne is hit by Nick Foligno and loses puck.
4:11 of 3rd period - Derek Stepan is hit by Cam Atkinson and loses puck.
5:00 of 3rd period - Snap shot by Colin Wilson.
5:00 of 3rd period - Shot Blocked by Josh Gorges.
5:02 of 3rd period - Snap shot by Lars Eller.
5:02 of 3rd period - Shot Misses the Net.
5:04 of 3rd period - Snap shot by Ryan McDonagh.
5:04 of 3rd period - Shot Blocked by Scott Laughton.
5:06 of 3rd period - Slapshot by Zbynek Michalek.
5:06 of 3rd period - Stopped by Henrik Lundqvist without a rebound.
5:07 of 3rd period - Sean Couturier wins face-off versus Pavel Datsyuk in Blues zone.
5:29 of 3rd period - Kris Letang is hit by Milan Michalek and loses puck.
6:14 of 3rd period - Wrist shot by Johan Franzen.
6:14 of 3rd period - Stopped by Jaroslav Halak without a rebound.
6:15 of 3rd period - Pavel Datsyuk wins face-off versus Artem Anisimov in Oilers zone.
6:22 of 3rd period - Snap shot by Henrik Zetterberg.
6:22 of 3rd period - Shot Misses the Net.
6:24 of 3rd period - Snap shot by Andrew Ladd.
6:24 of 3rd period - Stopped by Henrik Lundqvist without a rebound.
6:25 of 3rd period - Derek Stepan wins face-off versus Artem Anisimov in Blues zone.
6:46 of 3rd period - Snap shot by Derek Stepan.
6:46 of 3rd period - Stopped by Henrik Lundqvist with a rebound.
7:04 of 3rd period - Slapshot by Patrick Marleau.
7:04 of 3rd period - Shot Blocked by Ryan Ellis.
7:06 of 3rd period - Wrist shot by James Wisniewski.
7:06 of 3rd period - Stopped by Henrik Lundqvist with a rebound.
7:08 of 3rd period - Slapshot by James Wisniewski.
7:08 of 3rd period - Deflect By Nick Foligno.
7:08 of 3rd period - Shot Misses the Net.
7:08 of 3rd period - Puck is out of play.
7:09 of 3rd period - Nicklas Backstrom wins face-off versus Anders Lee in Blues zone.
7:46 of 3rd period - Backhand shot by Anders Lee.
7:46 of 3rd period - Shot Blocked by Zbynek Michalek.
7:53 of 3rd period - Icing by Nick Foligno.
7:54 of 3rd period - Sean Couturier wins face-off versus Nicklas Backstrom in Oilers zone.
8:07 of 3rd period - Slapshot by Sean Couturier.
8:07 of 3rd period - Stopped by Jaroslav Halak without a rebound.
8:08 of 3rd period - Sean Couturier wins face-off versus Pavel Datsyuk in Oilers zone.
8:22 of 3rd period - Minor Penalty to Zdeno Chara for Interference.
8:23 of 3rd period - Artem Anisimov wins face-off versus Nicklas Backstrom in Blues zone.
9:26 of 3rd period - Patrick Marleau is hit by Scott Laughton and loses puck.
9:53 of 3rd period - Colin Wilson is hit by Kris Letang.
9:57 of 3rd period - Kris Letang is hit by Andrew Ladd and loses puck.
10:22 of 3rd period - Penalty to Zdeno Chara is over, Zdeno Chara is back on ice.
10:44 of 3rd period - Rick Nash is hit by Derek Stepan and loses puck.
10:53 of 3rd period - Slapshot by Sean Couturier.
10:53 of 3rd period - Shot Blocked by Derek Stepan.
11:15 of 3rd period - Snap shot by Tomas Tatar.
11:15 of 3rd period - Stopped by Jaroslav Halak with a rebound.
11:37 of 3rd period - Wrist shot by Mark Stone.
11:37 of 3rd period - Shot Misses the Net.
12:34 of 3rd period - Ryan McDonagh is hit by Tomas Tatar and loses puck.
12:54 of 3rd period - Off-side.
12:55 of 3rd period - Scott Laughton wins face-off versus Derek Stepan in neutral zone.
13:02 of 3rd period - Snap shot by Scott Laughton.
13:02 of 3rd period - Shot Misses the Net.
13:06 of 3rd period - Wrist shot by Mark Stone.
13:06 of 3rd period - Stopped by Jaroslav Halak with a rebound.
13:18 of 3rd period - Snap shot by Scott Laughton.
13:18 of 3rd period - Shot Misses the Net.
13:32 of 3rd period - Snap shot by Cam Atkinson.
13:32 of 3rd period - Stopped by Jaroslav Halak without a rebound.
13:33 of 3rd period - Lars Eller wins face-off versus Anders Lee in Oilers zone.
13:52 of 3rd period - Kevan Miller is hit by Zbynek Michalek.
14:06 of 3rd period - Wrist shot by Mark Stone.
14:06 of 3rd period - Stopped by Jaroslav Halak with a rebound.
14:24 of 3rd period - Snap shot by Henrik Zetterberg.
14:24 of 3rd period - Shot Blocked by Mark Stone.
14:42 of 3rd period - Andrew MacDonald is hit by Sean Couturier and loses puck.
15:01 of 3rd period - Nick Foligno is hit by Kris Letang and loses puck.
15:24 of 3rd period - Pavel Datsyuk is hit by Scott Laughton and loses puck.
15:55 of 3rd period - Icing by Derek Stepan.
15:56 of 3rd period - Anders Lee wins face-off versus Derek Stepan in Oilers zone.
16:22 of 3rd period - Icing by Niklas Hjalmarsson.
16:23 of 3rd period - Milan Michalek wins face-off versus Sean Couturier in Oilers zone.
16:30 of 3rd period - Snap shot by Nicklas Backstrom.
16:30 of 3rd period - Goal by Nicklas Backstrom - Oilers : 4 - Blues : 3.
16:31 of 3rd period - Pavel Datsyuk wins face-off versus Sean Couturier in neutral zone.
16:34 of 3rd period - Slapshot by Colin Wilson.
16:34 of 3rd period - Shot Blocked by Sean Couturier.
16:48 of 3rd period - Rick Nash is hit by Ryan McDonagh and loses puck.
16:59 of 3rd period - Wrist shot by Tomas Tatar.
16:59 of 3rd period - Stopped by Jaroslav Halak with a rebound.
17:01 of 3rd period - Backhand shot by Kris Letang.
17:01 of 3rd period - Stopped by Jaroslav Halak with a rebound.
17:03 of 3rd period - Wrist shot by Zdeno Chara.
17:03 of 3rd period - Stopped by Jaroslav Halak with a rebound.
17:05 of 3rd period - Slapshot by Kris Letang.
17:05 of 3rd period - Stopped by Jaroslav Halak without a rebound.
17:06 of 3rd period - Nicklas Backstrom wins face-off versus Mark Stone in Oilers zone.
18:07 of 3rd period - Wrist shot by Anders Lee.
18:07 of 3rd period - Shot Blocked by James Wisniewski.
18:09 of 3rd period - Snap shot by Johan Franzen.
18:09 of 3rd period - Deflect By Cam Atkinson.
18:09 of 3rd period - Shot Blocked by Derek Stepan.
18:09 of 3rd period - Puck is out of play.
18:10 of 3rd period - Pavel Datsyuk wins face-off versus Sean Couturier in Oilers zone.
18:10 of 3rd period - Pavel Datsyuk is hit by Tomas Tatar.
18:27 of 3rd period - Slapshot by Kris Letang.
18:27 of 3rd period - Shot Blocked by Andrew MacDonald.
18:29 of 3rd period - Wrist shot by Sean Couturier.
18:29 of 3rd period - Shot Misses the Net.
18:45 of 3rd period - Slapshot by Tomas Tatar.
18:45 of 3rd period - Deflect By Rick Nash.
18:45 of 3rd period - Stopped by Jaroslav Halak with a rebound.
19:15 of 3rd period - Snap shot by Nicklas Backstrom.
19:15 of 3rd period - Stopped by Henrik Lundqvist with a rebound.
19:17 of 3rd period - Snap shot by Nicklas Backstrom.
19:17 of 3rd period - Shot Blocked by Josh Gorges.
19:19 of 3rd period - Slapshot by Zbynek Michalek.
19:19 of 3rd period - Shot Blocked by Hampus Lindholm.
19:29 of 3rd period - Blues, Henrik Lundqvist is pulled from the net.
19:55 of 3rd period - Snap shot by Andrew Ladd.
19:55 of 3rd period - Goal by Andrew Ladd - Oilers : 5 - Blues : 3.
19:55 of 3rd period - Henrik Lundqvist from Blues was sent back in the game.
19:56 of 3rd period - Artem Anisimov wins face-off versus Derek Stepan in neutral zone.
Goals for this period are 2 for Oilers vs 0 for Blues.
Shots for this period are 7 for Oilers vs 13 for Blues.